 Seeded DCSS version 0.32-a0-473-gd044c6f0f0 (webtiles) character file.

Game seed: 3342665431591073458 (custom seed)

154039 CougarLife the Earth Mage (level 17, -12/104 HPs)
             Began as a Gargoyle Earth Elementalist on Feb 26, 2024.
             Was the Champion of Vehumet.
             Mangled by a titanic slime creature (67 damage)
             ... on level 4 of the Swamp.
             The game lasted 01:04:38 (31597 turns).

CougarLife the Earth Mage (GrEE)                   Turns: 31597, Time: 01:04:39

Health: -12/104    AC: 34    Str: 12    XL:     17   Next: 61%
Magic:  15/40      EV: 15    Int: 30    God:    Vehumet [******]
Gold:   2831       SH: 12    Dex: 13    Spells: 15/43 levels left

rFire   + . .        S - +6 Majin-Bo {spellvamp, MP+6 Int+6}
rCold   + . .        h - +1 kite shield
rNeg    + . .        j - +6 acid dragon scales
rPois   ∞            P - +2 hat
rElec   +            k - +0 cloak {rCorr}
rCorr   +            O - +2 pair of gloves {Dex+3}
SInv    .            p - +0 pair of boots
Will    +....        w - amulet of magic regeneration
Stlth   ++           W - ring of the Skies Above {rF+ rC+}
HPRegen 0.37/turn    D - +5 ring of evasion
MPRegen 0.67/turn

%: no passive effects
@: flying, studying Short Blades
A: sickness immunity, AC +12, big wings, negative energy resistance 1,
electricity resistance, torment resistance 1, petrification resistance
a: Renounce Religion


You were on level 4 of the Swamp.
You worshipped Vehumet.
Vehumet was exalted by your worship.
You visited 4 branches of the dungeon, and saw 26 of its levels.
You also visited: Sewer, Ossuary, Bailey and Gauntlet.

You collected 3205 gold pieces.
You spent 374 gold pieces at shops.

Inventory:

Hand Weapons
 S - the +6 Majin-Bo (weapon) {spellvamp, MP+6 Int+6}
   (You acquired it on level 4 of the Lair of Beasts)

   Int+6:     It affects your intelligence (+6).
   MP+6:      It affects your magic capacity (+6).
 V - the +0 trident "Coepad" {flame, *Noise rPois rC+++ SInv}
   (You found it on level 12 of the Dungeon)

   rC+++:     It renders you almost immune to cold.
   rPois:     It protects you from poison SInv: It lets you see invisible.
   *Noise:    It may make a loud noise when swung.
Missiles
 o - 4 throwing nets
Armour
 h - a +1 kite shield (worn)
 j - +6 acid dragon scales (worn)
 k - a +0 cloak of preservation (worn)
 p - a +0 pair of boots (worn)
 O - a +2 pair of gloves of dexterity (worn)
 P - a +2 hat (worn)
 T - a scarf of resistance
Magical Staves
 E - a staff of conjuration
Jewellery
 l - a ring of positive energy
 w - an amulet of magic regeneration (around neck)
 D - a +5 ring of evasion (right hand)
 R - a +4 ring of protection
 U - a ring of willpower
 W - the ring of the Skies Above (left hand) {rF+ rC+}
   (You found it in a Gauntlet)

   [ring of protection from fire]

   rF+:       It protects you from fire.
   rC+:       It protects you from cold.
Wands
 a - a wand of polymorph (9)
 q - a wand of charming (26)
 K - a wand of light (4)
Scrolls
 c - 12 scrolls of teleportation
 f - 5 scrolls of amnesia
 s - 5 scrolls of revelation
 t - 4 scrolls of noise
 u - 5 scrolls of blinking
 y - 3 scrolls of immolation
 z - 3 scrolls of fear
 A - 6 scrolls of fog
 C - a scroll of acquirement
 F - a scroll of identify
 G - 3 scrolls of vulnerability
 H - 2 scrolls of torment
 I - 3 scrolls of silence
 J - 6 scrolls of poison
Potions
 b - 3 potions of magic
 d - 3 potions of brilliance
 e - 4 potions of heal wounds
 g - 2 potions of attraction
 i - 3 potions of lignification
 m - 2 potions of ambrosia
 n - 7 potions of might
 r - 9 potions of curing
 v - 4 potions of invisibility
 x - 6 potions of enlightenment
 B - 2 potions of haste {unknown}
 L - 4 potions of cancellation {unknown}
 N - 4 potions of mutation {unknown}
 Q - 2 potions of resistance {unknown}


   Skills:
 + Level 11.3 Fighting
 - Level 7.4 Armour
 - Level 1.5 Dodging
 - Level 2.1 Stealth
 - Level 10.2 Shields
 + Level 13.7 Spellcasting
 + Level 16.8 Conjurations
 * Level 8.7 Fire Magic
 - Level 4.3 Air Magic
 + Level 17.9 Earth Magic


You had 15 spell levels left.
You knew the following spells:

 Your Spells              Type           Power      Damage    Failure   Level
a - Sandblast             Erth           100%       2d20      0%          1
b - Stone Arrow           Conj/Erth      100%       3d13      0%          3
c - Freezing Cloud        Conj/Ice/Air   29%        6-21      3%          5
d - Arcjolt               Conj/Air       35%        1d45      1%          5
e - Conjure Ball Lightni  Conj/Air       35%        3x3d11    4%          6
f - Lehudib's Crystal Sp  Conj/Erth      45%        10d11     13%         8

Your spell library contained the following spells:

 Spells                   Type           Power      Damage    Failure   Level
 Passwall                 Erth           91%        N/A       0%          3
 Shock                    Conj/Air       100%       1d9       1%          1
 Sting                    Conj/Alch      100%       1d9       1%          1
 Mercury Vapours          Alch/Air       66%        N/A       1%          2
 Hailstorm                Conj/Ice       63%        3d12      1%          3
 Mephitic Cloud           Conj/Alch/Air  58%        N/A       1%          3
 Brom's Barrelling Bould  Conj/Erth      90%        2d10      1%          4
 Fireball                 Conj/Fire      38%        3d16      1%          5
 Iskenderun's Battlesphe  Conj           88%        2d14      1%          5
 Petrify                  Alch/Erth      65%        N/A       2%          4
 Orb of Destruction       Conj           44%        9d12      2%          7
 Swiftness                Air            46%        N/A       4%          3
 Airstrike                Air            23%        2d(4-20)  4%          4
 Ignite Poison            Fire/Alch      46%        N/A       4%          4
 Apportation              Tloc           40%        N/A       9%          1
 Necrotise                Necr           80%        1d8       9%          1
 Summon Small Mammal      Summ           80%        N/A       9%          1
 Ensorcelled Hibernation  Hex/Ice        40%        N/A       13%         2
 Lesser Beckoning         Tloc           40%        N/A       13%         2
 Gell's Gravitas          Tloc           20%        N/A       26%         3
 Summon Ice Beast         Ice/Summ       20%        N/A       26%         3
 Teleport Other           Tloc           20%        N/A       26%         3
 Summon Mana Viper        Hex/Summ       20%        N/A       94%         5
 Sculpt Simulacrum        Ice/Alch       10%        N/A       100%        6
 Monstrous Menagerie      Summ           10%        N/A       100%        7
 Fire Storm               Conj/Fire      38%        8d10      100%        9
 Cigotuvi's Dreadful Rot  Necr/Alch/Air  Unusable   N/A       N/A         2

Dungeon Overview and Level Annotations

Branches:
Dungeon (15/15)            Temple (0/1) D:7            Lair (5/5) D:11
  Swamp (4/4) Lair:2       Spider (0/4) Lair:3        Slime (0/5) Lair:5
    Orc (2/2) D:9             Elf (0/3) Orc:2        Vaults (0/5) D:13
 Depths (0/4) D:15          Sewer (visited)         Ossuary (visited)
 Bailey (visited)         Gauntlet (visited)

Altars:
Elyvilon
Uskayaw
Vehumet
Xom
Yredelemnul
Zin
The Shining One
Beogh
Jiyva

Shops:
D:5 [   D:9 (   Orc:1 (   Orc:2 :*([

Annotations:
D:3 3 runed translucent doors, GiantSquids's ghost, amateur CoGl


Innate Abilities, Weirdness & Mutations

You are immune to sickness and miasma.
Your stone body is resilient. (AC +12)
You are immune to poison.
Your large and strong wings let you fly.
You resist negative energy. (rN+)
You are resistant to electric shocks. (rElec)
You are resistant to unholy torment.
You are immune to petrification.


Message History

The titanic slime creature hits you but does no damage.
Casting: Arcjolt (mildly dangerous; 1% risk of failure)
Confirm with . or Enter, or press ? or * to list all spells.
Electricity surges outward!
The titanic slime creature is struck by an electric surge.
You feel better.
The titanic slime creature is severely wounded.
The slime creature is struck by an electric surge!!
You kill the slime creature!
Vehumet accepts your kill.
You feel your power returning.
The slime creature is struck by an electric surge!!
You kill the slime creature!
Vehumet accepts your kill.
You feel your power returning.
You hear a horrible gurgling sound!
The titanic slime creature hits you.
Casting: Arcjolt (mildly dangerous; 1% risk of failure)
Confirm with . or Enter, or press ? or * to list all spells.
Electricity surges outward!
The titanic slime creature is struck by an electric surge!
You feel better.
The titanic slime creature is severely wounded.
The slime creature is struck by an electric surge!!
The slime creature is moderately wounded.
The titanic slime creature hits you!!!!
Ouch! That really hurt!
* * * LOW HITPOINT WARNING * * *
Casting: Arcjolt (mildly dangerous; 1% risk of failure)
Confirm with . or Enter, or press ? or * to list all spells.
Electricity surges outward!
The titanic slime creature is struck by an electric surge!!
You feel better.
The titanic slime creature is almost dead.
The slime creature is struck by an electric surge!!
You feel better.
The slime creature is almost dead.
The titanic slime creature hits you!!!
Ouch! That really hurt!
You die...

#♣♣##♣♣##♣♣##♣♣♣
..≈~.≈.~~~.~~~.♣♣##
#≈.~≈§~.~~#..~~~≈.#
.#≈~≈≈≈~≈#.≈~###.~#
#.~#####~≈#~## ##~♣#
~#~#...#~#.~# #~.#
#~~##.#~≈≈#≈~#.##≈.#
~#≈§.#.≈~~~.~~##~.~#
##~≈≈≈≈~~~#~.≈~~@.~#
♣.(~#~#≈..≈##.#♣J#J#
(~.#.#≈♣.≈.~~#~≈#~.♣
..≈~§.~~≈..~≈~~~ ~~♣
.#~≈#≈#.~#≈≈~### ~.#
#.~#...#~≈#≈.# .~#
.#.≈...≈.~ ≈#u ..#
#.~#...#~≈ ~~♣
.#~.#≈#~~#


You could see a titanic slime creature and a slime creature.

Vanquished Creatures
  Saint Roka (Orc:2)
  A tentacled monstrosity (Swamp:4)
  Jorgrun (Orc:1)
  Gastronok (D:11)
  A thorn hunter (Swamp:1)
  A frost giant (D:10)
  A ghoul (Swamp:3)
  A balrug (Gauntlet)
  5 eleionomae
  Nessos (Lair:3)
  2 very ugly things (Swamp:4)
  2 bunyips (Swamp:1)
  Snorg (Lair:3)
  A minotaur (Gauntlet)
  2 green deaths (Swamp:4)
  Josephine (Lair:3)
  A fire dragon (Lair:2)
  Harold (Orc:1)
  A rakshasa (D:15)
  Erolcha (Orc:1)
  2 catoblepae
  19 hydras
  An ice dragon (D:10)
  An ogre mage (Orc:2)
  8 alligators
  6 centaur warriors
  8 two-headed ogres
  A death knight (D:12)
  5 boulder beetles
  12 death yaks
  Urug (Lair:3)
  A vampire mage (D:15)
  An orc high priest (Orc:2)
  An occultist (D:15)
  Sonja (D:12)
  A fire crab (Lair:5)
  3 skysharks
  A storm dragon skeleton (D:15)
  3 skeletal warriors (D:15)
  7 goliath frogs
  An orb spider (Lair:3)
  A large abomination (Swamp:4)
  2 spriggan druids (Lair:2)
  9 bog bodies
  5 swamp dragons
  3 lindwurms (Lair:5)
  3 orc knights (Orc:2)
  2 necromancers
  2 deep elf pyromancers
  20 ugly things
  3 orc sorcerers (Orc:2)
  Maurice (D:8)
  5 manticores
  3 cyclopes
  3 will-o-the-wisps
  3 meliai (D:14)
  2 kobold blastminers (Orc:2)
  A torpor snail (Lair:5)
  6 black mambas
  An ice statue (D:10)
  6 elephants (Lair:4)
  2 orange demons (Swamp:4)
  7 cane toads
  A gargoyle (D:13)
  Maggie (D:9)
  2 rime drakes (Lair:5)
  Jeremiah (D:9)
  2 unseen horrors
  13 komodo dragons
  2 kobold demonologists (Bailey)
  A freezing wraith (D:14)
  3 tengu conjurers
  4 trolls
  A troll (shapeshifter) (D:14)
  13 tyrant leeches
  A raiju (shapeshifter) (D:14)
  2 blink frogs (Lair:5)
  2 dream sheep (Lair:5)
  8 hornets
  22 slime creatures
  A centaur simulacrum (D:14)
  5 shadows
  A spriggan skeleton (D:15)
  2 vampires
  9 wyverns
  54 yaks
  3 spriggans (Swamp:2)
  7 wraiths
  4 basilisks
  2 fire bats (Lair:2)
  A fire elemental (Lair:2)
  2 steam dragons
  6 wargs
  4 vampire mosquitoes (Swamp:1)
  14 swamp worms
  5 acid dragons
  17 water moccasins
  21 ice beasts
  3 swamp drakes
  40 orc warriors
  A black bear (Lair:4)
  A small abomination (Swamp:4)
  4 ogres
  16 wolves
  A centaur (shapeshifter) (D:14)
  5 centaurs
  2 phantoms
  3 kobold brigands
  Blork the orc (D:5)
  A weeping skull (D:10)
  11 bullfrogs
  10 scorpions
  2 jellies
  14 wights
  14 killer bees
  6 electric eels
  2 bombardier beetles
  A centaur zombie (Ossuary)
  2 human zombies (Ossuary)
  4 hounds
  16 orc priests
  2 gnoll boudas (D:8)
  Crazy Yiuf (D:2)
  A sleepcap (D:4)
  2 iguanas
  A scorpion zombie (Ossuary)
  Natasha (thrice) (D:2)
  22 orc wizards
  5 hell rats (Lair:5)
  3 mummies (Ossuary)
  Robin (D:2)
  9 gnolls
  A river rat (D:6)
  8 adders
  A shadow imp (D:7)
  2 white imps
  2 ufetubi (D:7)
  3 adder zombies (Ossuary)
  2 ribbon worms
  3 dart slugs
  57 orcs
  18 ball pythons
  9 endoplasms
  5 giant cockroaches
  3 gnoll zombies (Ossuary)
  21 goblins
  10 hobgoblins
  4 jackals (D:1)
  14 kobolds
  5 quokkas
  A ball python zombie (Ossuary)
  7 bats
  3 frilled lizards
  4 jackal zombies (Ossuary)
  4 orc zombies (Ossuary)
  33 rats
  A spectral orc (D:10)
869 creatures vanquished.

Vanquished Creatures (others)
  A thrashing horror (Swamp:4)
  52 ball lightnings
  5 foxfires
58 creatures vanquished.

Grand Total: 927 creatures vanquished

Notes
Turn   | Place    | Note
-------+----------+-------------------------------------------
     0 | D:1      | CougarLife the Gargoyle Earth Elementalist began the quest
                  | for the Orb.
     0 | D:1      | Reached XP level 1. HP: 10/10 MP: 3/3
   101 | D:1      | Reached XP level 2. HP: 15/15 MP: 0/5
   485 | D:1      | Reached skill level 4 in Earth Magic
   592 | D:1      | Reached XP level 3. HP: 19/19 MP: 4/6
   875 | D:2      | Found a radiant altar of Vehumet.
   886 | D:2      | Became a worshipper of Vehumet
  1040 | D:2      | Noticed Natasha
  1045 | D:2      | Killed Natasha
  1046 | D:2      | Reached XP level 4. HP: 3/24 MP: 3/8
  1193 | D:2      | Noticed Natasha
  1201 | D:2      | Killed Natasha
  1291 | D:2      | Noticed Natasha
  1298 | D:2      | Killed Natasha
  1305 | D:2      | Reached XP level 5. HP: 7/28 MP: 3/9
  1391 | D:2      | Noticed Robin
  1394 | D:2      | Killed Robin
  1621 | D:2      | Found a runed translucent door.
  1622 | D:2      | Noticed Crazy Yiuf
  1899 | D:2      | Killed Crazy Yiuf
  1900 | D:2      | Reached skill level 5 in Earth Magic
  1910 | D:2      | Learned a level 3 spell: Stone Arrow
  1950 | D:3      | Reached * piety under Vehumet
  1950 | D:3      | Offered knowledge of Kiss of Death by Vehumet.
  2316 | D:3      | Found a runed translucent gate.
  2317 | D:3      | Found a runed translucent gate.
  2318 | D:3      | Found a runed translucent gate.
  2320 | D:3      | Noticed a kobold brigand
  2386 | D:3      | Noticed GiantSquids's ghost (amateur CoGl)
  2559 | D:3      | Found a faded altar of an unknown god.
  2629 | D:3      | Reached XP level 6. HP: 32/32 MP: 2/11
  2940 | D:4      | Found a sand-covered staircase.
  2945 | Ossuary  | Entered an ossuary
  3151 | Ossuary  | Reached ** piety under Vehumet
  3199 | Ossuary  | Offered knowledge of Foxfire by Vehumet.
  3200 | Ossuary  | Reached skill level 6 in Earth Magic
  3200 | Ossuary  | Reached XP level 7. HP: 34/36 MP: 3/13
  3418 | Ossuary  | Reached skill level 5 in Conjurations
  3600 | Ossuary  | Reached skill level 5 in Spellcasting
  3600 | Ossuary  | Reached XP level 8. HP: 41/41 MP: 6/15
  3678 | Ossuary  | Reached skill level 7 in Earth Magic
  4060 | D:4      | Got the Handbook of Tephra and Chilblains
  4088 | D:4      | Offered knowledge of Hailstorm by Vehumet.
  4968 | D:5      | Entered Level 5 of the Dungeon
  4972 | D:5      | Reached skill level 1 in Air Magic
  4988 | D:5      | Found Conizxei's Armour Shoppe.
  5005 | D:5      | Bought a +0 kite shield for 54 gold pieces
  5503 | D:5      | Noticed Blork the orc
  5509 | D:5      | Killed Blork the orc
  5509 | D:5      | Reached *** piety under Vehumet
  5785 | D:6      | Reached XP level 9. HP: 19/45 MP: 7/17
  5844 | D:6      | Found a glowing drain.
  5853 | Sewer    | Entered a sewer
  5860 | Sewer    | Learned a level 5 spell: Freezing Cloud
  5876 | Sewer    | Offered knowledge of Fulminant Prism by Vehumet.
  6043 | Sewer    | Reached **** piety under Vehumet
  6270 | D:6      | Reached skill level 8 in Earth Magic
  6557 | D:6      | Found a white marble altar of Elyvilon.
  6777 | D:7      | Found a hide-covered altar of Uskayaw.
  6777 | D:7      | Noticed a +0 hand axe
  6780 | D:7      | Offered knowledge of Dazzling Flash by Vehumet.
  6780 | D:7      | Noticed a +0 hand axe
  6798 | D:7      | Noticed a two-headed ogre
  6801 | D:7      | Killed a two-headed ogre
  6811 | D:7      | Noticed a hornet
  6816 | D:7      | Killed a hornet
  6817 | D:7      | Reached skill level 1 in Fighting
  7072 | D:7      | Reached XP level 10. HP: 53/53 MP: 19/19
  7129 | D:7      | Found a staircase to the Ecumenical Temple.
  7393 | D:8      | Reached skill level 9 in Earth Magic
  7395 | D:8      | Found a flagged portal.
  7527 | Bailey   | Entered a bailey
  8123 | Bailey   | Reached ***** piety under Vehumet
  8126 | Bailey   | Noticed a kobold demonologist
  8129 | Bailey   | Killed a kobold demonologist
  8263 | Bailey   | Offered knowledge of Arcjolt by Vehumet.
  8277 | Bailey   | Learned a level 5 spell: Arcjolt
  8629 | Bailey   | Found an iron altar of Okawaru.
  8629 | Bailey   | Noticed a kobold demonologist
  8634 | Bailey   | Killed a kobold demonologist
  8763 | Bailey   | Got the Parchment of the Six Portals
  8789 | Bailey   | Identified the +0 robe "Hoag" {Fly rPois Regen+ Int-2}
  9062 | D:8      | Noticed Maurice
  9066 | D:8      | Killed Maurice
  9067 | D:8      | Reached skill level 10 in Earth Magic
  9413 | D:8      | Reached skill level 5 in Fighting
  9848 | D:8      | Reached XP level 11. HP: 64/64 MP: 22/22
  9849 | D:8      | Reached skill level 10 in Conjurations
  9918 | D:8      | Found a shimmering altar of Xom.
  9924 | D:8      | Found a glowing golden altar of the Shining One.
  9928 | D:8      | Found a glowing silver altar of Zin.
 10037 | D:9      | Noticed Jeremiah
 10042 | D:9      | Killed Jeremiah
 10114 | D:9      | Noticed Maggie
 10118 | D:9      | Killed Maggie
 10146 | D:9      | Found a staircase to the Orcish Mines.
 10733 | D:9      | Found Yshovvea's Weapon Emporium.
 10943 | D:10     | Entered Level 10 of the Dungeon
 10982 | D:10     | Noticed a two-headed ogre
 10985 | D:10     | Killed a two-headed ogre
 10986 | D:10     | Reached skill level 11 in Earth Magic
 11217 | D:10     | Offered knowledge of Irradiate by Vehumet.
 11382 | D:10     | Found a basalt altar of Yredelemnul.
 11718 | D:11     | Noticed Gastronok
 11734 | D:11     | Killed Gastronok
 11735 | D:11     | Reached XP level 12. HP: 72/72 MP: 9/25
 11851 | D:11     | Found a staircase to the Lair.
 11864 | D:11     | Noticed a two-headed ogre
 11869 | D:11     | Reached skill level 12 in Earth Magic
 11872 | D:11     | Killed a two-headed ogre
 12721 | Lair:1   | Entered Level 1 of the Lair of Beasts
 13142 | Lair:1   | Reached skill level 5 in Shields
 13930 | Lair:2   | Noticed a boulder beetle
 13936 | Lair:2   | Killed a boulder beetle
 13990 | Lair:2   | Reached skill level 13 in Earth Magic
 14101 | Lair:2   | Identified the +5 ring mail "Qyneudel" {-Tele Rampage rF+
                  | Regen+ Stlth+}
 14250 | Lair:2   | Noticed a fire dragon
 14262 | Lair:2   | Killed a fire dragon
 14263 | Lair:2   | Reached XP level 13. HP: 76/76 MP: 11/26
 14814 | Lair:2   | Found a staircase to the Swamp.
 14949 | Lair:3   | Reached skill level 10 in Spellcasting
 14977 | Lair:3   | Found a hole to the Spider Nest.
 15172 | Lair:3   | Noticed Josephine
 15176 | Lair:3   | Killed Josephine
 15207 | Lair:3   | Noticed Snorg
 15209 | Lair:3   | Noticed Nessos
 15224 | Lair:3   | Killed Snorg
 15225 | Lair:3   | Killed Nessos
 15287 | Lair:3   | Noticed Urug
 15295 | Lair:3   | Killed Urug
 15745 | Lair:3   | Reached skill level 14 in Earth Magic
 16176 | Lair:4   | Gained mutation: Your large and strong wings let you fly.
                  | [Gargoyle growth]
 16176 | Lair:4   | Reached XP level 14. HP: 82/82 MP: 14/28
 16182 | Lair:4   | Reached skill level 10 in Shields
 16288 | Lair:4   | Identified the +1 ring mail "Zabluty" {Regen+ Slay+2
                  | Stlth+}
 16860 | Lair:4   | Acquired the +6 Majin-Bo {spellvamp, MP+6 Int+6}
 16860 | Lair:4   | Found the +6 Majin-Bo {spellvamp, MP+6 Int+6}
 17106 | Lair:5   | Entered Level 5 of the Lair of Beasts
 17112 | Lair:5   | Offered knowledge of Yara's Violent Unravelling by Vehumet.
 17596 | Lair:5   | Found a staircase to the Slime Pits.
 17597 | Lair:5   | Found a viscous altar of Jiyva.
 17742 | Lair:5   | Reached skill level 15 in Earth Magic
 17991 | Lair:5   | Identified the +6 hand axe of Bile {freeze, rC- Dex+3
                  | Stlth+}
 19048 | D:12     | Noticed Sonja
 19050 | D:12     | Killed Sonja
 19283 | D:12     | Identified the +0 trident "Coepad" {flame, *Noise rPois
                  | rC+++ SInv}
 19285 | D:12     | Identified the +5 war axe of Doom {flame, ^Contam *Slow
                  | rC++ rN+++}
 19546 | D:12     | Reached ****** piety under Vehumet
 19585 | D:12     | Offered knowledge of Eringya's Noxious Bog by Vehumet.
 19687 | D:12     | Reached skill level 1 in Armour
 19687 | D:12     | Reached XP level 15. HP: 90/90 MP: 27/30
 20561 | D:10     | Noticed a frost giant
 20577 | D:10     | Killed a frost giant
 20997 | Orc:1    | Entered Level 1 of the Orcish Mines
 20997 | Orc:1    | Found Dymp's Antique Weapon Emporium.
 21001 | Orc:1    | Noticed Jorgrun
 21007 | Orc:1    | Killed Jorgrun
 21008 | Orc:1    | Reached skill level 15 in Conjurations
 21366 | Orc:1    | Noticed Harold
 21373 | Orc:1    | Killed Harold
 21374 | Orc:1    | Reached skill level 16 in Earth Magic
 21494 | Orc:1    | Noticed Erolcha
 21499 | Orc:1    | Killed Erolcha
 21610 | Orc:2    | Entered Level 2 of the Orcish Mines
 22232 | Orc:2    | Paralysed by an orc sorcerer for 5 turns
 22283 | Orc:2    | Reached skill level 5 in Armour
 22335 | Orc:2    | Noticed Saint Roka
 22338 | Orc:2    | Offered knowledge of Ozocubu's Refrigeration by Vehumet.
 22348 | Orc:2    | Killed Saint Roka
 22527 | Orc:2    | Found a roughly hewn altar of Beogh.
 22610 | Orc:2    | Found Kysur's General Store.
 22622 | Orc:2    | Bought a potion of magic for 128 gold pieces
 22622 | Orc:2    | Bought a scroll of fear for 64 gold pieces
 22644 | Orc:2    | Found Mups's Antique Armour Shop.
 22666 | Orc:2    | Bought a potion of ambrosia for 128 gold pieces
 22734 | Orc:2    | Found a staircase to the Elven Halls.
 22797 | Orc:2    | Found Diezuxze's Antique Weapon Shop.
 22812 | Orc:2    | Found Yzuanach's Book Shop.
 23959 | D:13     | Found a gate to the Vaults.
 24589 | D:14     | Reached XP level 16. HP: 96/96 MP: 22/32
 25041 | D:14     | Reached skill level 1 in Fire Magic
 25361 | D:15     | Entered Level 15 of the Dungeon
 25471 | D:15     | Found a staircase to the Depths.
 25557 | D:15     | Found a gate leading to a gauntlet.
 25575 | Gauntlet | Entered a Gauntlet
 25575 | Gauntlet | Found a transporter.
 25620 | Gauntlet | Found a transporter.
 25641 | Gauntlet | Found a transporter.
 25642 | Gauntlet | Found a transporter.
 25662 | Gauntlet | Found a transporter.
 25675 | Gauntlet | Found a transporter.
 25684 | Gauntlet | Found a transporter.
 25688 | Gauntlet | Found a transporter.
 25716 | Gauntlet | Found a transporter.
 25742 | Gauntlet | Found a transporter.
 25742 | Gauntlet | Found a transporter.
 25749 | Gauntlet | Found a transporter.
 26044 | Gauntlet | Offered knowledge of Starburst by Vehumet.
 26047 | Gauntlet | Reached skill level 17 in Earth Magic
 26079 | Gauntlet | Identified the ring of the Skies Above {rF+ rC+}
 26949 | D:15     | Reached skill level 10 in Fighting
 27071 | D:15     | Reached skill level 5 in Fire Magic
 27189 | D:15     | Acquired a +2 pair of gloves of dexterity
 27401 | Swamp:1  | Entered Level 1 of the Swamp
 27904 | Swamp:1  | Learned a level 6 spell: Conjure Ball Lightning
 28068 | Swamp:1  | Noticed a thorn hunter
 28075 | Swamp:1  | Killed a thorn hunter
 28337 | Swamp:1  | Identified the +0 pair of gloves "Maegh" {rPois Stlth+}
 28668 | Swamp:2  | Found the brooch of Shielding {Spirit SH+8}
 29545 | Swamp:3  | Reached XP level 17. HP: 68/103 MP: 28/34
 29679 | Swamp:3  | Acquired 706 gold pieces
 30160 | Swamp:4  | Entered Level 4 of the Swamp
 30398 | Swamp:4  | Identified the +7 spear of Gobeecwo {drain, rCorr}
 30451 | Swamp:4  | Offered knowledge of Lehudib's Crystal Spear by Vehumet.
 30856 | Swamp:4  | Learned a level 8 spell: Lehudib's Crystal Spear
 31311 | Swamp:4  | Noticed a tentacled monstrosity
 31327 | Swamp:4  | Killed a tentacled monstrosity
 31597 | Swamp:4  | Mangled by a titanic slime creature

Illustrated notes

Levels and vault maps discovered:
D:1:      minmay_arrival_stair_chambers, layout_loops_cross
D:2:      layout_basic, basic_altar, chequers_serial_rivers_marsh, uniq_robin,
          uniq_natasha, uniq_crazy_yiuf_cottage
D:3:      layout_basic, gammafunk_ghost_nasty_kobolds,
          ebering_ecumenical_altar_webs, nrook_mini_vaults, minmay_fountain_box,
          minmay_cupped
D:4:      layout_layer_cave, enter_ossuary_5
D:5:      layout_gridville, serial_shops, shop, uniq_blork_the_orc
D:6:      layout_loops_ring, elyvilon_altar_3, gup_sewer_entry_bubbles
D:7:      layout_cave_pools, dancing_weapons_uskayaw, temple_fountains
D:8:      layout_basic, minmay_overflow_temple_star_quad, enter_bailey_7,
          nicolae_grassy_gnolls, uniq_maurice
D:9:      layout_basic, david_orc_3, serial_shops, kennysheep_mini,
          uniq_jeremiah, uniq_maggie
D:10:     minmay_twisted_water, layout_rooms,
          yredelemnul_forgotten_temple_becter, worms_lemuel
D:11:     layout_basic, minmay_lair_entry_grove, minmay_misc_feat_doors,
          uniq_gastronok
D:12:     layout_irregular_city, minmay_misc_feat_more_columns, minmay_radiant,
          uniq_sonja
D:13:     layout_small_grid, hellmonk_vaults_attempted_burglary
D:14:     layout_irregular_city, chequers_serial_rivers_room_a
D:15:     gammafunk_depths_entry_grave, layout_loops_ring, nrook_mini_backslash,
          gauntlet_entry_generic
Lair:1:   layout_cave_pods, serial_bayou_shore_b, grunt_megastairs_3,
          infiniplex_staircase_pool_2
Lair:2:   dragon1_lemuel, layout_misc_corridors,
          mainiacjoe_swamp_entry_angry_trees
Lair:3:   layout_gridlike, nicolae_spider_entry_orb_guardian, uniq_snorg,
          uniq_urug, uniq_josephine, uniq_nessos
Lair:4:   layout_regular_city, serial_rivers, chequers_serial_rivers_room_b,
          chequers_serial_rivers_room_b, chequers_serial_rivers_micro_a,
          chequers_serial_rivers_large_a, chequers_serial_rivers_room_b,
          minivault_27, grunt_megastairs_2, serial_bayou_shore_b,
          lemuel_fruit_fields
Lair:5:   hangedman_lair_in_review, layout_small_grid,
          minmay_slime_entry_pillars, hangedman_lair_generics_rect,
          serial_bayou_shore_b
Swamp:1:  layout_basic_swamp, nicolae_swamp_round_clearing,
          infiniplex_staircase_pool
Swamp:2:  layout_falls_marsh, nicolae_swamp_bean_lake
Swamp:3:  layout_basic_swamp, nicolae_swamp_dense_foliage, swamp_pool_1_2,
          nicolae_swamp_long_stream
Swamp:4:  swamp_vile, layout_basic_swamp
Orc:1:    layout_diamond_mine, serial_shops, nicolae_shop_crystal, uniq_erolcha,
          uniq_harold, uniq_jorgrun
Orc:2:    grunt_orc_cross, layout_diamond_mine

Skill      XL: |  1  2  3  4  5  6  7  8  9 10 11 12 13 14 15 16 17 |
---------------+----------------------------------------------------+-----
Earth Magic    | 4 5 6 7 8 10 11 13 14 15 16 17 | 17.9
Conjurations   | 2 3 4 5 7 8 9 11 12 13 14 15 16 | 16.8
Spellcasting   | 3 4 5 6 7 9 10 11 12 13 | 13.7
Air Magic      | 3 4 |  4.3
Fighting       | 2 5 7 9 10 11 | 11.3
Shields        | 2 6 9 10 | 10.2
Armour         | 1 7 |  7.4
Fire Magic     | 6 8 |  8.7
Dodging        | |  1.5
Stealth        | |  2.1

Action                     |  1- 3 |  4- 6 |  7- 9 | 10-12 | 13-15 | 16-18 || total
---------------------------+-------+-------+-------+-------+-------+-------++-------
  Melee: Mace              |     4 |    18 |    20 |       |       |       ||    42
         Staff             |       |       |     6 |     3 |     1 |       ||    10
         Bo                |       |       |       |       |     4 |     4 ||     8
   Cast: Sandblast         |    32 |    74 |   139 |   154 |   116 |     4 ||   519
         Stone Arrow       |       |     6 |    35 |   100 |   306 |   141 ||   588
         Freezing Cloud    |       |       |     1 |    65 |   124 |    54 ||   244
         Arcjolt           |       |       |       |     5 |    79 |   172 ||   256
         Conjure Ball Ligh |       |       |       |       |       |    21 ||    21
    Use: Scroll            |       |       |       |    13 |     6 |    15 ||    34
         Potion            |       |       |       |       |     6 |     4 ||    10
 Armour: Robe              |     4 |    34 |   113 |       |       |       ||   151
         Steam dragon scal |       |       |       |    69 |       |       ||    69
         Acid dragon scale |       |       |       |    23 |   203 |   165 ||   391
  Dodge: Dodged            |     2 |    43 |    72 |    50 |    98 |    81 ||   346
  Block: Kite shield       |       |       |       |       |    75 |    79 ||   154

Table legend: (Time is in decaauts)
 A = Elapsed time spent in this place.
 B = Non-inter-level travel time spent in this place.
 C = Inter-level travel time spent in this place.
 D = Time resting spent in this place.
 E = Time spent auto-exploring this place.
 F = Levels seen in this place.
 G = Mean time per level.
                   A        B        C        D        E       F      G
               +--------+--------+--------+--------+--------+-----+--------+
         Total |  32000 |  30858 |   1142 |  10412 |  14606 |  30 | 1066.7 |
       Dungeon |  16229 |  15479 |    750 |   3958 |   8871 |  15 | 1081.9 |
          Lair |   6357 |   6056 |    301 |   1905 |   3224 |   5 | 1271.4 |
         Swamp |   4197 |   4168 |     29 |   1961 |   1247 |   4 | 1049.2 |
  Orcish Mines |   1930 |   1869 |     61 |    827 |    650 |   2 |  965.0 |
         Sewer |    331 |    331 |      0 |      0 |    190 |   1 |  331.0 |
       Ossuary |    977 |    977 |      0 |    600 |     38 |   1 |  977.0 |
        Bailey |   1441 |   1441 |      0 |    913 |    231 |   1 | 1441.0 |
      Gauntlet |    537 |    537 |      0 |    248 |    154 |   1 |  537.0 |
               +--------+--------+--------+--------+--------+-----+--------+

Top non-repeatable levels by time:
  Lair:5: 1776 daAuts
  Bailey: 1441 daAuts
    D:10: 1438 daAuts
 Swamp:4: 1382 daAuts
   Orc:2: 1360 daAuts
    D:15: 1314 daAuts
     D:8: 1276 daAuts
    D:13: 1267 daAuts
 Swamp:1: 1267 daAuts
  Lair:1: 1253 daAuts
     D:9: 1246 daAuts
    D:11: 1221 daAuts
  Lair:4: 1200 daAuts
    D:12: 1166 daAuts
  Lair:2: 1123 daAuts
